 Dungeon Crawl Stone Soup version 0.31-a0-1626-g5cb510d322 (webtiles) character file.

Game seed: 14831566923498203460

1303 Ronin1791 the Slasher (level 8, 0/70 HPs)
             Began as a Minotaur Fighter on Jan 12, 2024.
             Slain by an orc warrior
             ... wielding a +0 short sword
              (8 damage)
             ... on level 6 of the Dungeon.
             The game lasted 00:11:38 (7445 turns).

Ronin1791 the Slasher (Minotaur Fighter)            Turns: 7445, Time: 00:11:38

Health: 0/70       AC: 12    Str: 22    XL:     8   Next: 31%
Magic:  7/7        EV: 10    Int:  5    God:
Gold:   181        SH:  5    Dex: 11    Spells: 7/7 levels left

rFire   . . .        a - +1 long sword (vamp)
rCold   . . .        c - +0 buckler
rNeg    . . .        b - +1 scale mail
rPois   .            (helmet restricted)
rElec   .            o - +1 cloak
rCorr   .            l - +0 pair of gloves
SInv    .            (no boots)
Will    .....        (no amulet) Stlth
                     (no ring)
HPRegen 0.31/turn    (no ring)
MPRegen 0.10/turn

%: no passive effects
@: no status effects
A: horns 2, retaliatory headbutt
a: no special abilities


You were on level 6 of the Dungeon.
You visited 1 branch of the dungeon, and saw 6 of its levels.

You collected 236 gold pieces.
You spent 55 gold pieces at shops.

Inventory:

Hand Weapons
 a - a +1 vampiric long sword (weapon)
 e - a +4 short sword
 n - a +4 quarterstaff of chaos
 q - the +10 great sword "Duyshox" {flame, Dex+6}
   (You acquired it on level 5 of the Dungeon)

   Dex+6:     It affects your dexterity (+6).
 r - a +5 heavy hand axe
Armour
 b - a +1 scale mail (worn)
 c - a +0 buckler (worn)
 l - a +0 pair of gloves (worn)
 o - a +1 cloak (worn)
Jewellery
 f - a ring of wizardry
 i - a +4 ring of slaying
 m - an amulet of magic regeneration
 p - a ring of wizardry
Wands
 j - a wand of digging (14)
 k - a wand of flame (26)
 t - a wand of polymorph (8)
 x - a wand of roots (8)
Scrolls
 u - a scroll of poison
 v - a scroll of teleportation
Potions
 d - 2 potions of might
 g - a potion of mutation {unknown}
 h - a potion of haste
 s - a potion of degeneration {unknown}
 w - a potion of heal wounds {unknown}
 z - a potion of curing {unknown}


   Skills:
 + Level 6.0 Fighting
 + Level 7.8 Long Blades
 + Level 7.4 Armour
 + Level 2.8 Dodging
 + Level 1.2 Stealth
 + Level 4.9 Shields


You had 7 spell levels left.
You didn't know any spells.
Your spell library contained the following spells:

 Spells                   Type           Power      Damage    Failure   Level
 Ensorcelled Hibernation  Hex/Ice        0%         N/A       92%         2
 Frozen Ramparts          Ice            0%         1d1       99%         3
 Fugue of the Fallen      Necr           0%         N/A       99%         3
 Anguish                  Hex/Necr       0%         N/A       100%        4
 Leda's Liquefaction      Alch/Erth      0%         N/A       100%        4
 Petrify                  Alch/Erth      0%         N/A       100%        4
 Metabolic Englaciation   Hex/Ice        0%         N/A       100%        5


Dungeon Overview and Level Annotations

Branches:
Dungeon (6/15)             Temple (0/1) D:6

Altars:
Qazlal

Shops:
D:1 *   D:5 !


Innate Abilities, Weirdness & Mutations

You have a pair of horns on your head.
You reflexively headbutt those who attack you in melee.


Message History

The orc warrior hits you with a +0 short sword.
The sleepcap releases spores at you but does no damage.
You completely miss the orc warrior. Your headbutt misses the orc warrior.
The orc warrior is almost dead.
The orc warrior hits you with a +0 short sword.
The sleepcap releases spores at you.
You are engulfed in a cloud of soporific spores!
You fall asleep.
The orc warrior hits you but does no damage.
The sleepcap releases spores at you!
You wake up.
You closely miss the orc warrior.
The orc warrior is almost dead.
The orc warrior hits you but does no damage.
The sleepcap closely misses you.
You closely miss the orc warrior.
The orc warrior is almost dead.
The orc warrior hits you with a +0 short sword.
The sleepcap closely misses you.
You hit the orc warrior but do no damage.
The orc warrior is almost dead.
The orc warrior hits you with a +0 short sword!
* * * LOW HITPOINT WARNING * * *
The sleepcap releases spores at you but does no damage.
You hit the sleepcap.
You feel better.
The sleepcap is almost destroyed.
The orc warrior barely misses you. The sleepcap closely misses you.
You furiously retaliate!
You headbutt the sleepcap. You hit the sleepcap.
You feel better.
You destroy the sleepcap!
The orc warrior hits you with a +0 short sword.
* * * LOW HITPOINT WARNING * * *
Your Fighting skill increases to level 6!
The orc warrior hits you with a +0 short sword!
* * * LOW HITPOINT WARNING * * *
The orc warrior attacks as it pursues you!
The orc warrior hits you but does no damage.
You hit the orc warrior.
The orc warrior is almost dead.
The orc warrior hits you with a +0 short sword!
You die...

#.## #.# #.
#..# #.# .
##†######.#
#.....####
#..#.....#
#..#.###..#
##.#...## .
#.##.o.##
#..#.@..#
##.##....#
..##...#
##... ###.#
#


You could see an orc warrior.

Vanquished Creatures
  A shadow (D:5)
  An ice beast (D:6)
  2 phantoms
  Blork the orc (D:4)
  2 scorpions
  A howler monkey (D:5)
  5 hounds
  2 bombardier beetles (D:3)
  Crazy Yiuf (D:3)
  A gnoll bouda (D:4)
  A jelly (D:4)
  Terence (D:3)
  Ijyb (D:3)
  An orc wizard (D:6)
  2 iguanas
  2 sleepcaps (D:6)
  8 gnolls
  4 adders
  A shadow imp (D:5)
  4 ufetubi (D:6)
  3 dart slugs
  4 ribbon worms
  6 orcs
  6 ball pythons
  6 bats
  5 endoplasms
  3 giant cockroaches
  3 goblins
  4 hobgoblins
  3 jackals (D:5)
  5 kobolds
  3 quokkas
  A frilled lizard (D:1)
  A rat (D:1)
95 creatures vanquished.

Notes
Turn   | Place    | Note
-------+----------+-------------------------------------------
     0 | D:1      | Ronin1791 the Minotaur Fighter began the quest for the Orb.
     0 | D:1      | Reached XP level 1. HP: 19/19 MP: 0/0
   195 | D:1      | Found a faded altar of an unknown god.
   288 | D:1      | Reached XP level 2. HP: 24/27 MP: 1/1
   881 | D:1      | Found Tyrak's Assorted Antiques.
  2250 | D:3      | Reached XP level 3. HP: 24/33 MP: 2/2
  2495 | D:3      | Noticed Terence
  2501 | D:3      | Killed Terence
  2657 | D:3      | Noticed Ijyb
  2665 | D:3      | Killed Ijyb
  2666 | D:3      | Reached XP level 4. HP: 18/41 MP: 3/3
  2924 | D:3      | Reached skill level 5 in Armour
  2984 | D:3      | Found a runed translucent door.
  2985 | D:3      | Noticed Crazy Yiuf
  3018 | D:3      | Reached XP level 5. HP: 27/47 MP: 4/4
  3475 | D:3      | Killed Crazy Yiuf
  3565 | D:4      | Reached skill level 1 in Dodging
  3574 | D:4      | Reached skill level 1 in Stealth
  3851 | D:4      | Reached XP level 6. HP: 53/53 MP: 5/5
  4163 | D:4      | Reached skill level 5 in Long Blades
  4740 | D:4      | Noticed Blork the orc
  4746 | D:4      | Killed Blork the orc
  4747 | D:4      | Reached skill level 5 in Fighting
  4873 | D:4      | Reached XP level 7. HP: 55/61 MP: 6/6
  5156 | D:5      | Entered Level 5 of the Dungeon
  5380 | D:5      | Identified a scroll of acquirement
  5380 | D:5      | Acquired the +10 great sword "Duyshox" {flame, Dex+6}
  5712 | D:5      | Noticed a shadow
  5715 | D:5      | Found a stormy altar of Qazlal.
  5721 | D:5      | Killed a shadow
  6387 | D:5      | Found Goubb's Distillery.
  6390 | D:5      | Bought a potion of enlightenment for 55 gold pieces
  6771 | D:6      | Found a staircase to the Ecumenical Temple.
  6789 | D:6      | Reached XP level 8. HP: 67/70 MP: 7/7
  7445 | D:6      | Slain by an orc warrior

Illustrated notes

Levels and vault maps discovered:
D:1:      ldierk_walled_garden_2, layout_rooms, serial_shops,
          nicolae_diamond_shop, serial_aquarium, aquarium_bridge_square
          [aquarium_subvault_bridge, aquarium_subvault_bridge,
          aquarium_subvault_wall, aquarium_subvault_window], aquarium_window_3,
          aquarium_window_fake, aquarium_window_corner, aquarium_window_fake,
          aquarium_view_4, aquarium_balcony_5b, dreamdust_ecumenical_altar_grove
D:2:      layout_basic, grunt_ministairs_7
D:3:      layout_loops_ring, chequers_serial_rivers_room_a, minmay_surrounded,
          uniq_crazy_yiuf_cottage, uniq_ijyb, uniq_terence
D:4:      layout_cave_pods, uniq_blork_the_orc
D:5:      layout_loops_ring, grunt_qazlal_sundering, serial_shops,
          kennysheep_mini_moat
D:6:      minmay_evil_eye, layout_loops_corners, minmay_temple_entry_arrows,
          lexackson_kobold_supper, uniq_menkaure

Skill      XL: |  1  2  3  4  5  6  7  8 |
---------------+-------------------------+-----
Fighting       | 4 5 6 |  6.0
Armour         | 4 5 6 7 |  7.4
Long Blades    | 3 4 5 7 |  7.8
Shields        | 4 |  4.9
Dodging        | 1 2 |  2.8
Stealth        | 1 |  1.2

Action                     |  1- 3 |  4- 6 |  7- 9 || total
---------------------------+-------+-------+-------++-------
  Melee: Long sword        |    56 |    87 |   114 ||   257
         Headbutt          |     9 |    10 |    22 ||    41
    Use: Scroll            |     5 |     3 |     4 ||    12
         Potion            |       |     2 |     1 ||     3
 Armour: Scale mail        |    45 |    79 |   125 ||   249
  Dodge: Dodged            |    27 |    39 |    71 ||   137
  Block: Buckler           |    16 |    24 |    32 ||    72

Table legend: (Time is in decaauts)
 A = Elapsed time spent in this place.
 B = Non-inter-level travel time spent in this place.
 C = Inter-level travel time spent in this place.
 D = Time resting spent in this place.
 E = Time spent auto-exploring this place.
 F = Levels seen in this place.
 G = Mean time per level.
                   A        B        C        D        E       F      G
               +--------+--------+--------+--------+--------+-----+--------+
         Total |   7466 |   7466 |      0 |   3515 |   2608 |   6 | 1244.3 |
       Dungeon |   7466 |   7466 |      0 |   3515 |   2608 |   6 | 1244.3 |
               +--------+--------+--------+--------+--------+-----+--------+

Top non-repeatable levels by time:
     D:4: 1624 daAuts
     D:5: 1606 daAuts
     D:3: 1314 daAuts
     D:2: 1263 daAuts
     D:1: 967 daAuts
     D:6: 689 daAuts
